Map: [ESL] Oceanborn

Players

Lemon - Winner!

  • Race: Protoss Protoss
  • Spawn Location: 5:00

Cyan

  • Race: Protoss Protoss
  • Spawn Location: 11:00

Event: ESL SC2 Masters 2024 Spring (Regional)

VOD

Have the link to the VOD?

Description

Time

  • Played on: April 25, 2024, 6:24 a.m.
  • Length: 11:03

All games in this series

Show
View Real Time Build Order
Export as new Build Order

Lemon Protoss - Winner!

Build Orders: Phoenix Opening, Blink Stalkers 

Get SALT Encoding   

  12  0:00  Probe  
  13  0:12  Probe  
  14  0:16  Pylon  
  14  0:24  Probe (Chrono Boost)  
  16  0:36  Probe (Chrono Boost), Gateway  
  16  0:43  Probe (Chrono Boost)  
  16  0:45  Assimilator  
  17  0:51  Probe  
  17  0:55  Assimilator  
  18  1:03  Probe (Chrono Boost)  
  19  1:07  Gateway  
  19  1:12  Probe (Chrono Boost)  
  19  1:17  Probe (Chrono Boost)  
  20  1:24  Cybernetics Core  
  21  1:29  Probe  
  22  1:33  Pylon  
  22  1:41  Probe  
  23  1:53  Probe  
  24  2:01  Warp Gate, Stalker  
  26  2:07  Sentry  
  28  2:12  Pylon  
  28  2:16  Probe  
  29  2:28  Probe  
  30  2:30  Sentry  
  31  2:37  Phoenix  
  31  2:39  Nexus  
  31  2:43  Shield Battery  
  31  2:46  Probe  
  32  2:55  Twilight Council  
  33  2:58  Probe  
  33  3:00  Phoenix  
  33  3:10  Sentry, Probe (Chrono Boost)  
  39  3:21  Probe (Chrono Boost)  
  39  3:28  Pylon, Blink (Chrono Boost)  
  37  3:37  Probe  
  38  3:49  Probe  
  38  3:52  Stalker x2  
  38  3:54  Probe  
  44  4:01  Probe  
  45  4:06  Probe  
  46  4:13  Probe  
  47  4:17  Stalker x2  
  47  4:18  Probe  
  46  4:26  Probe  
  46  4:30  Probe  
  43  4:36  Shield Battery  
  43  4:38  Probe  
  44  4:40  Stalker x2  
  44  4:44  Probe  
  48  4:50  Probe  
  46  4:56  Probe  
  42  5:00  Stalker  
  42  5:03  Probe  
  42  5:05  Stalker  
  46  5:08  Probe  
  47  5:15  Probe  
  47  5:19  Stalker  
  47  5:20  Probe  
  51  5:27  Probe  
  52  5:28  Stalker  
  52  5:30  Pylon  
  52  5:32  Probe  
  55  5:39  Probe  
  56  5:43  Stalker  
  56  5:44  Probe  
  56  5:46  Gateway  
  56  5:49  Assimilator  
  57  5:54  Stalker  
  59  5:57  Nexus  
  58  6:07  Stalker  
  60  6:23  Stalker  
  60  6:25  Probe x2  
  62  6:31  Stalker  
  64  6:33  Pylon  
  64  6:37  Probe x2  
  66  6:43  Stalker  
  64  6:49  Probe x2  
  64  6:51  Shield Battery  
  64  6:52  Stalker  
  68  6:58  Stalker  
  62  7:01  Probe x2  
  62  7:08  Stalker  
  64  7:12  Shield Battery  
  64  7:13  Probe  
  64  7:14  Probe  
  64  7:18  Stalker  
  63  7:26  Probe x2  
  63  7:28  Probe  
  66  7:35  Charge  
  66  7:36  Gateway x2  
  66  7:37  Forge  
  66  7:38  Stalker x2, Probe x2 (Chrono Boost)  
  66  7:40  Probe (Chrono Boost), Gateway  
  73  7:46  Stalker  
  73  7:49  Probe x2 (Chrono Boost)  
  73  7:50  Robotics Facility, Probe (Chrono Boost)  
  78  7:55  Probe (Chrono Boost)  
  78  7:56  Probe, Nexus  
  78  7:57  Probe  
  80  8:00  Protoss Ground Weapons Level 1 (Chrono Boost)  
  80  8:02  Pylon  
  81  8:10  Gateway  
  81  8:11  Gateway  
  81  8:13  Sentry  
  81  8:14  Pylon  
  81  8:19  Stalker  
  85  8:20  Stalker  
  85  8:24  Pylon  
  87  8:31  Probe x3  
  87  8:32  Stalker  
  92  8:34  Stalker  
  92  8:35  Observer (Chrono Boost)  
  92  8:36  Phoenix  
  95  8:42  Pylon x2  
  95  8:43  Probe  
  95  8:44  Stalker  
  95  8:46  Probe x2  
  95  8:47  Observer (Chrono Boost)  
  99  8:49  Stalker  
  99  8:53  Stalker  
  99  8:55  Probe  
  105  8:59  Stalker x2  
  109  9:04  Probe x2  
  109  9:06  Shield Battery  
  111  9:12  Zealot x3  
  111  9:15  Photon Cannon  
  111  9:16  Observer  
  117  9:19  Photon Cannon  
  117  9:23  Zealot, Photon Cannon  
  119  9:29  Stalker x2  
  123  9:41  Zealot x3  
  123  9:42  Zealot x2  
  123  9:44  Warp Prism (Chrono Boost), Photon Cannon  
  130  9:53  Stalker x2  
  130  9:59  Zealot, Pylon  
  136  10:03  Zealot x3  
  142  10:11  Zealot x2  
  143  10:16  Gateway  
  143  10:17  Gateway  
  143  10:18  Zealot x2  
  147  10:30  Zealot x4  
  147  10:47  Zealot x4  
  141  10:50  Zealot  
  141  10:51  Zealot x3  
Show
View Real Time Build Order
Export as new Build Order

Cyan Protoss 

Build Orders:  

Get SALT Encoding   

  12  0:00  Probe  
  13  0:12  Probe  
  14  0:17  Pylon  
  14  0:24  Probe (Chrono Boost)  
  15  0:36  Probe (Chrono Boost)  
  15  0:38  Gateway  
  16  0:45  Probe (Chrono Boost)  
  16  0:46  Assimilator  
  17  0:51  Probe  
  17  0:54  Assimilator  
  18  1:03  Probe (Chrono Boost)  
  19  1:07  Gateway  
  19  1:12  Probe (Chrono Boost)  
  19  1:17  Probe (Chrono Boost)  
  20  1:25  Cybernetics Core  
  21  1:29  Probe  
  22  1:34  Pylon  
  22  1:41  Probe  
  23  1:53  Probe  
  24  2:02  Warp Gate (Chrono Boost), Stalker x2  
  29  2:11  Pylon  
  28  2:25  Pylon  
  28  2:32  Stalker x2  
  32  2:54  Pylon  
  32  3:02  Stalker x2  
  36  3:13  Nexus  
  36  3:22  Gateway  
  36  3:25  Probe  
  37  3:37  Probe  
  38  3:43  Stalker x2  
  42  3:49  Probe  
  44  4:07  Stalker  
  46  4:11  Stalker  
  46  4:13  Pylon  
  47  4:18  Twilight Council  
  45  4:27  Stalker  
  41  4:32  Stalker  
  41  4:37  Stalker  
  45  4:39  Probe  
  40  4:54  Stalker  
  40  4:56  Probe x2  
  44  5:03  Stalker x2  
  48  5:07  Blink (Chrono Boost)  
  48  5:14  Probe (Chrono Boost)  
  48  5:15  Probe (Chrono Boost)  
  50  5:23  Probe (Chrono Boost)  
  50  5:24  Stalker  
  50  5:27  Probe (Chrono Boost)  
  50  5:28  Stalker  
  53  5:34  Stalker  
  56  5:37  Probe  
  56  5:39  Probe  
  58  5:49  Probe, Adept  
  61  5:51  Probe  
  61  5:52  Adept  
  62  5:59  Robotics Facility  
  62  6:01  Probe  
  62  6:04  Probe  
  62  6:09  Shield Battery  
  62  6:10  Pylon  
  62  6:13  Probe  
  62  6:16  Probe  
  64  6:22  Stalker x3  
  64  6:25  Probe  
  67  6:27  Assimilator  
  67  6:30  Probe  
  69  6:40  Probe  
  65  6:48  Stalker x2  
  65  6:50  Stalker  
  69  7:01  Probe  
  68  7:03  Nexus  
  68  7:05  Pylon  
  62  7:08  Probe  
  62  7:12  Stalker  
  62  7:13  Stalker  
  55  7:23  Stalker  
  55  7:24  Probe  
  55  7:27  Shield Battery  
  50  7:35  Gateway  
  50  7:36  Gateway  
  48  7:37  Shield Battery  
  48  7:38  Stalker, Gateway  
  48  7:42  Probe  
  48  7:43  Stalker  
  53  7:47  Immortal (Chrono Boost)  
  57  7:58  Gateway  
  57  8:02  Stalker  
  57  8:03  Stalker  
  57  8:04  Probe  
  57  8:05  Probe  
  63  8:12  Assimilator  
  63  8:15  Probe  
  63  8:16  Immortal (Chrono Boost)  
  68  8:21  Probe  
  68  8:22  Probe  
  68  8:26  Stalker  
  72  8:29  Probe  
  72  8:32  Stalker  
  75  8:37  Adept x2  
  75  8:39  Probe x2  
  81  8:44  Stalker  
  83  8:51  Observer, Stalker  
  83  8:52  Charge  
  83  8:54  Forge  
  86  8:56  Stalker  
  86  8:58  Pylon  
  86  9:01  Probe  
  86  9:02  Probe  
  90  9:11  Nexus  
  90  9:15  Pylon  
  90  9:17  Sentry  
  90  9:22  Pylon  
  90  9:23  Probe x2  
  95  9:24  Probe  
  95  9:25  Stalker  
  97  9:31  Stalker  
  97  9:35  Probe  
  97  9:37  Probe  
  99  9:51  Stalker x3  
  99  9:52  Stalker  
  105  9:54  Shield Battery  
  105  9:57  Shield Battery  
  105  9:59  Pylon  
  105  10:01  Stalker  
  105  10:02  Stalker  
  107  10:07  Gateway  
  107  10:08  Gateway  
  106  10:14  Stalker  
  106  10:18  Pylon  
  108  10:21  Pylon  
  108  10:22  Stalker x3  
  108  10:27  Gateway  
  112  10:30  Stalker x2  
  112  10:44  Stalker  
  112  10:45  Stalker  
  112  10:48  Stalker  
  108  10:50  Stalker  
Tags
 
Add a new tag
Caveats
  • Supply blocks, unpowered buildings, or Contaminate may cause inaccurate times.
  • Supply counts are checked every 10 seconds.